 Dungeon Crawl Stone Soup version 0.30.0-20-g3615ddf2f0 (webtiles) character file.

Game seed: 8707164116658516162

225 qw the Chopper (level 6, 0/38 HPs)
             Began as a Gargoyle Fighter on May 28, 2023.
             Slain by Grinder (7 damage)
             ... on level 4 of the Dungeon.
             The game lasted 00:01:15 (2437 turns).

qw the Chopper (Gargoyle Fighter)                   Turns: 2437, Time: 00:01:15

Health: 0/38       AC: 15    Str: 21    XL:     6   Next: 1%
Magic:  6/6        EV:  5    Int:  9    God:
Gold:   55         SH:  4    Dex:  9    Spells: 5/5 levels left

rFire   . . .        Y - +0 war axe (venom)
rCold   . . .        c - +0 buckler
rNeg    + . .        j - +0 plate armour
rPois   inf          (no helmet)
rElec   +            (no cloak)
rCorr   .            (no gloves)
SInv    .            (no boots)
Will    .....        f - amulet of the acrobat Stlth
                     (no ring)
HPRegen 0.26/turn    (no ring)
MPRegen 0.10/turn

%: acrobat
@: no status effects
A: sickness immunity, AC +4, negative energy resistance 1, electricity
resistance, torment resistance 1, petrification resistance
a: no special abilities


You were on level 4 of the Dungeon.
You visited 1 branch of the dungeon, and saw 4 of its levels.

You collected 97 gold pieces.
You spent 42 gold pieces at shops.


Innate Abilities, Weirdness & Mutations

You are immune to sickness and miasma.
Your stone body is resilient. (AC +4)
You are immune to poison.
You resist negative energy. (rN+)
You are resistant to electric shocks. (rElec)
You are resistant to unholy torment.
You are immune to petrification.


   Skills:
 - Level 4.2 Fighting
 + Level 5.0 Axes
 - Level 3.2 Armour
 - Level 3.2 Shields


You had 5 spell levels left.
You didn't know any spells.
Your spell library was empty.

Inventory:

Hand Weapons
 l - a +0 flail
 Y - a +0 war axe of venom (weapon)
Armour
 c - a +0 buckler (worn)
 j - a +0 plate armour (worn)
Jewellery
 f - an amulet of the acrobat (around neck)
Scrolls
 g - a scroll of identify
Potions
 a - a potion of curing
 d - a potion of might
 h - a potion of haste
 k - a potion of lignification {unknown}

Dungeon Overview and Level Annotations

Branches:
Dungeon (4/15)
 Temple: D:4-7

Altars:
Dithmenos
Trog
The Shining One

Shops:
D:3 (

Annotations:
D:4 Grinder


Message History

The jelly is heavily wounded.
Grinder zaps a wand.
The roots erupt in riotous growth!
The grasping roots grab you!
The scorpion is unaffected.
The jelly is unaffected.
The grasping roots constrict you. You block the jelly's attack.
You block the scorpion's attack.
You hear a shout!
You hit the jelly.
Your hands burn!
The jelly is heavily wounded.
You hit the scorpion but do no damage.
The scorpion is poisoned.
The scorpion stings you but does no damage.
The grasping roots constrict you. The jelly hits you.
You are splashed with acid!
2432 ||| DRINKING potion of heal wounds.
You feel much better.
The scorpion stings you but does no damage.
Grinder blinks!
The grasping roots constrict you. The jelly hits you but does no damage.
The scorpion stings you but does no damage.
You closely miss the scorpion.
The scorpion is heavily wounded.
You slash the jelly!
You kill the jelly!
Grinder blinks!
The grasping roots constrict you. The scorpion stings you.
The grasping roots constrict you.
Your Axes skill increases to level 5!
You closely miss the scorpion.
The scorpion is almost dead.
You kill the scorpion!
The grasping roots constrict you!
The grasping roots release their grip on you.
Your Fighting skill increases to level 4!
You have reached level 6!
You see here a scorpion corpse.
Grinder hits you but does no damage.
You hit Grinder.
Grinder is poisoned.
Grinder is lightly wounded.
A goblin comes into view. It is wielding a +0 club.
Grinder hits you!
You die...

# .# .# ###.# #
#...##...
########........
#....<.%@5......
#................
#................
#.#######...##.##
# #..... ..
#...### # #...#
#g..#


You could see Grinder (very poisoned) and a goblin.

Vanquished Creatures
  A scorpion (D:4)
  A jelly (D:4)
  3 gnolls (D:2)
  3 adders (D:2)
  A worm (D:2)
  4 bats
  7 endoplasms
  2 giant cockroaches
  8 goblins
  8 hobgoblins
  6 jackals
  A quokka (D:2)
  6 ball pythons
  9 frilled lizards
  10 kobolds
  7 rats
77 creatures vanquished.

Notes
Turn   | Place    | Note
-------+----------+-------------------------------------------
     0 | D:1      | qw the Gargoyle Fighter began the quest for the Orb.
     0 | D:1      | Reached XP level 1. HP: 14/14 MP: 1/1
     0 | D:1      | 0 ||| qw: Version: 0.2-a-100-g4e38944
     0 | D:1      | 0 ||| qw: Game counter: 221
     0 | D:1      | 0 ||| qw: Always use a shield: true
     0 | D:1      | 0 ||| qw: God list: Okawaru
     0 | D:1      | 0 ||| qw: Allow faded altars: false
     0 | D:1      | 0 ||| qw: Do Orc after D:15 true
     0 | D:1      | 0 ||| qw: Do second Lair branch before Depths: true
     0 | D:1      | 0 ||| qw: Lair rune preference: random
     0 | D:1      | 0 ||| qw: Plans: Normal, Zot:1-4, God:TSO, Crypt, Tomb,
                  | Pan, Slime:5, Hells, Abyss, Win
     0 | D:1      | 0 ||| PLANNING D:1-11
     2 | D:1      | 2 ||| Stepping ~*~*~tactically~*~*~ (stealth).
     4 | D:1      | 4 ||| Stepping ~*~*~tactically~*~*~ (stealth).
    14 | D:1      | Reached skill level 2 in Axes
    67 | D:1      | Reached XP level 2. HP: 19/19 MP: 2/2
   496 | D:1      | 496 ||| Stepping ~*~*~tactically~*~*~ (hiding).
   498 | D:1      | 498 ||| Stepping ~*~*~tactically~*~*~ (hiding).
   503 | D:1      | Reached skill level 3 in Axes
   670 | D:1      | Reached XP level 3. HP: 22/23 MP: 3/3
   758 | D:1      | 758 ||| READING scroll labelled YGUFROIFUS.
   776 | D:1      | 776 ||| READING scroll labelled QISEWN XIEKAMO.
   777 | D:1      | 777 ||| READING 2 scrolls labelled KUGUEST MYMO.
   778 | D:1      | 778 ||| READING scroll labelled AHEAPH ODDEOZ.
   779 | D:1      | 779 ||| READING scroll labelled VAIGEXACEIF.
   878 | D:2      | Reached XP level 4. HP: 25/28 MP: 4/4
   880 | D:2      | Reached skill level 4 in Axes
  1020 | D:2      | Found a shadowy altar of Dithmenos.
  1165 | D:2      | 1165 ||| Stepping ~*~*~tactically~*~*~ (stealth).
  1198 | D:2      | 1198 ||| Stepping ~*~*~tactically~*~*~ (stealth).
  1263 | D:2      | Reached XP level 5. HP: 28/32 MP: 5/5
  1460 | D:2      | 1460 ||| UPGRADING to amulet of the acrobat.
  1465 | D:2      | 1465 ||| DROPPING ring of flight.
  1466 | D:2      | 1466 ||| READING scroll labelled LETEFOOL DAIQAFAP.
  1467 | D:2      | 1467 ||| READING scroll labelled TOAHUGOM MOPH.
  1468 | D:2      | 1468 ||| READING scroll labelled DEFUCK DIGERGH.
  1469 | D:2      | 1469 ||| READING 2 scrolls of identify.
  1469 | D:2      | 1469 ||| IDENTIFYING lumpy silvery potion
  1470 | D:2      | 1470 ||| DROPPING potion of ambrosia.
  1499 | D:3      | Found a bloodstained altar of Trog.
  1654 | D:3      | Found a shadowy altar of Dithmenos.
  1799 | D:3      | 1799 ||| Stepping ~*~*~tactically~*~*~ (stealth).
  2052 | D:3      | Found Sirhitsu's Weapon Emporium.
  2060 | D:3      | 2060 ||| BUYING +0 flail (42 gold).
  2060 | D:3      | Bought a +0 flail for 42 gold pieces
  2060 | D:3      | 2060 ||| DROPPING +0 mace.
  2315 | D:3      | Found a faded altar of an unknown god.
  2319 | D:3      | Found a glowing golden altar of the Shining One.
  2372 | D:3      | 2372 ||| UPGRADING to +0 plate armour.
  2382 | D:3      | 2382 ||| DROPPING +0 scale mail.
  2383 | D:3      | 2383 ||| READING scroll labelled FUXZOMPENEL.
  2384 | D:3      | 2384 ||| READING 3 scrolls of identify.
  2384 | D:3      | 2384 ||| IDENTIFYING smoky clear potion
  2385 | D:3      | 2385 ||| READING 2 scrolls of identify.
  2385 | D:3      | 2385 ||| IDENTIFYING grey potion
  2427 | D:4      | Noticed Grinder
  2431 | D:4      | HP: 8/32 [acid (8)]
  2432 | D:4      | 2432 ||| DRINKING potion of heal wounds.
  2434 | D:4      | Reached skill level 5 in Axes
  2435 | D:4      | Reached XP level 6. HP: 6/38 MP: 6/6
  2437 | D:4      | Slain by Grinder

Levels and vault maps discovered:
D:1:      wander_arrival_fairy_ring, layout_loops_ring, minmay_lizard_king
D:2:      layout_basic, basic_altar, minmay_cupped
D:3:      layout_basic, mainiacjoe_overflow_alcove_2,
          nicolae_dithmenos_shadow_blocks, nicolae_overflow_ecumenical_swirl,
          serial_shops, shop
D:4:      layout_loops_cross, nicolae_overflow_hidden_temple,
          kennysheep_pointless_box, uniq_sigmund, uniq_grinder, uniq_pikel

Skill      XL: |  1  2  3  4  5 |
---------------+----------------+-----
Axes           | 2 3 4 5 |  5.0
Fighting       | 4 |  4.2
Armour         | |  3.2
Shields        | |  3.2

Action                     |  1- 3 |  4- 6 || total
---------------------------+-------+-------++-------
  Melee: War axe           |   102 |    91 ||   193
    Use: Scroll            |     5 |     7 ||    12
         Potion            |       |     1 ||     1
 Armour: Scale mail        |    51 |    42 ||    93
         Plate armour      |       |     5 ||     5
  Dodge: Dodged            |    49 |    50 ||    99
  Block: Buckler           |    27 |    13 ||    40

Table legend:
 A = Non-vault XP
 B = Vault XP
 C = Vault XP percentage of total XP
 D = Non-vault monster count
 E = Vault monster count
 F = Vault count percentage of total count
                 A         B        C        D         E       F
            +---------+---------+-------+---------+---------+-------
      Total |     298 |      24 |   7.5 |      67 |      10 |  13.0
            +---------+---------+-------+---------+---------+-------
        D:1 |      34 |       7 |  17.1 |      22 |       7 |  24.1
        D:2 |     111 |      17 |  13.3 |      30 |       3 |   9.1
        D:3 |      22 |       0 |   0.0 |      13 |       0 |   0.0
        D:4 |     131 |       0 |   0.0 |       2 |       0 |   0.0
            +---------+---------+-------+---------+---------+-------
